 Dungeon Sprint DCSS version 0.26-a0-690-gcb57259078 (webtiles) character file.

Game seed: 2930069378898239109

6 sahdkjhfkaj the Conjurer (level 3, -1/21 HPs)
             Began as an Octopode Conjurer on Oct 25, 2020.
             Was an Initiate of Gozag.
             Slain by a big kobold (4 damage)
             ... in the Dungeon (Sprint VI: "Thunderdome").
             The game lasted 00:01:21 (196 turns).

sahdkjhfkaj the Conjurer (Octopode Conjurer)         Turns: 196, Time: 00:01:22

Health: -1/21      AC:  1    Str:  6    XL:     3   Next: 75%
Magic:  2/8        EV: 13    Int: 21    God:    Gozag
Gold:   281        SH:  0    Dex: 10    Spells: 3/9 levels left

rFire    . . .     SeeInvis .   (no weapon)
rCold    . . .     Faith    .   (no shield)
rNeg     . . .     Spirit   .   (helmet restricted)
rPois    .         Reflect  .   (no amulet)
rElec    .         Harm     .   (no ring)
rCorr    .         Rampage  .   (no ring)
MR       .....     NoTele   +   (no ring)
Stlth    +++.......             (no ring)
HPRegen  0.07/turn              (no ring)
MPRegen  0.11/turn              (no ring)
                                (no ring)
                                (no ring)

@: no status effects
A: almost no armour, stealthy swim, amphibious, 8 rings, constrict 8, camouflage
1, gelatinous body 1
a: Potion Petition, Call Merchant, Bribe Branch, Renounce Religion


You were in the Dungeon.
You worshipped Gozag.
Gozag was aware of your devotion.
You visited 1 branch You collected 281 gold pieces.

Inventory:

Wands
 a - a wand of acid (5)
 h - a wand of iceblast (4)
Scrolls
 g - 4 scrolls of blinking
 i - 3 scrolls of fog
Potions
 b - a potion of curing {!q}
 c - 4 potions of heal wounds {!q}
 d - 4 potions of haste {!q}
 e - 2 potions of magic {!q}
 f - a potion of berserk rage {!q}
 j - a potion of resistance {!q}


   Skills:
 - Level 2.0 Dodging
 - Level 2.6 Stealth
 - Level 3.6 Spellcasting
 - Level 6.4 Conjurations
 + Level 3.3 Hexes


You had 3 spell levels left.
You knew the following spells:

 Your Spells              Type           Power        Failure   Level
a - Magic Dart            Conj           ####         1%          1
b - Searing Ray           Conj           ####..       1%          2
E - Dazzling Flash        Conj/Hex       ###...       4%          3

Your spell library contained the following spells:

 Spells                   Type           Power        Failure   Level
 Fulminant Prism          Conj/Hex       ###.......   17%         4
 Iskenderun's Mystic Bla  Conj/Tloc      ###.....     32%         4


Dungeon Overview and Level Annotations

Branches:
Dungeon (1/1)

Altars:
Cheibriados
Dithmenos
Fedhas
Gozag
Kikubaaqudgha
Makhleb
Okawaru
Qazlal
Ru
Sif Muna
Trog
Uskayaw
Vehumet
Wu Jian
Xom
Yredelemnul
Zin
The Shining One
Beogh
Jiyva
Lugonu

Shops:
D *[??*?*:[((!!!!


Innate Abilities, Weirdness & Mutations

You cannot wear most types of armour.
You are very stealthy in the water. (Stealth+)
You are amphibious.
You can wear up to eight rings at the same time.
You can use your tentacles to constrict eight enemies at once.
Your skin changes colour to match your surroundings (Stealth+).
Your rubbery body absorbs attacks. (AC +1, EV +1)


Message History

Aiming: Magic Dart (safe; 1% risk of failure)
Press: ? - help, Shift-Dir - straight line, f/p - big kobold
Aim: a big kobold, quivering 4 stones (lightly wounded)
The magic dart hits the big kobold.
The big kobold is lightly wounded.
The big kobold throws a stone.
The stone hits you.
* * * LOW HITPOINT WARNING * * *
The big kobold throws a stone.
The stone barely misses you.
Unknown command.
The big kobold throws a stone.
The stone hits you.
* * * LOW HITPOINT WARNING * * *
You see here a stone.
Casting: Magic Dart (safe; 1% risk of failure)
Confirm with . or Enter, or press ? or * to list all spells.
The spell is quite dangerous to cast (4% risk of failure)!
Continue anyway?
The big kobold is dazzled.
The big kobold throws a stone.
The stone completely misses you. The big kobold hits you.
You die...
Your body crumbles into a pile of gold.

##### ##(⌠⌠## #.$$.(# ##.....##
##∩...(.∩## #∩.......∩#
#_..$..@._# #......K._#
#_......._# ###........$###
#⌠...........⌠#
######.8...$.....8.######
##.___......###.......__∩##
##∩........8.# #.8........∩###
.............###.............##


You could see a big kobold (blind).

Vanquished Creatures
  A jelly (D)
  4 oozes (D)
  A goblin (D)
6 creatures vanquished.

Notes
Turn   | Place    | Note
-------+----------+-------------------------------------------
     0 | D        | sahdkjhfkaj the Octopode Conjurer began the quest for the
                  | Orb.
     0 | D        | Reached XP level 1. HP: 11/11 MP: 3/3
     1 | D        | Found a glowing silver altar of Zin.
     1 | D        | Found a radiant altar of Vehumet.
     2 | D        | Found a basalt altar of Yredelemnul.
     3 | D        | Found a sacrificial altar of Ru.
     3 | D        | Found a stormy altar of Qazlal.
     4 | D        | Found a corrupted altar of Lugonu.
     4 | D        | Found a blossoming altar of Fedhas.
     4 | D        | Found a hide-covered altar of Uskayaw.
     4 | D        | Found Owkezxy's Magic Scroll Shop.
     4 | D        | Found Byocsuoll's Staff Store.
     5 | D        | Found a bloodstained altar of Trog.
     5 | D        | Found an opulent altar of Gozag.
     5 | D        | Found an ornate altar of the Wu Jian Council.
     5 | D        | Found Yfeplodo's Identification Station.
     5 | D        | Round 1.
     6 | D        | Found Sunil's Jewellery.
     6 | D        | Found Neax's Advanced Armour.
     9 | D        | Found a roughly hewn altar of Beogh.
    14 | D        | Became a worshipper of Gozag Ym Sagoz the Greedy
    18 | D        | Found a burning altar of Makhleb.
    18 | D        | Found a shadowy altar of Dithmenos.
    18 | D        | Found Feavunk's Premium Goods.
    18 | D        | Found Rorisch's Miscellaneous Merchandise.
    19 | D        | Found Nulliyn's Basic Armour.
    20 | D        | Found an ancient bone altar of Kikubaaqudgha.
    20 | D        | Found a shimmering blue altar of Sif Muna.
    20 | D        | Found Seamme's Weapon Rack.
    24 | D        | Found a glowing golden altar of the Shining One.
    25 | D        | Found a shimmering altar of Xom.
    26 | D        | Found an iron altar of Okawaru.
    27 | D        | Found Nilubeh's Do-It-Yourself Clinic.
    28 | D        | Found Utomm's Bottled Wisdom.
    28 | D        | Found Liutiss's Distillery.
    30 | D        | Found a snail-covered altar of Cheibriados.
    30 | D        | Found a viscous altar of Jiyva.
    30 | D        | Found Sirosuju's Distillery.
    42 | D        | Noticed a jelly
    44 | D        | Found Gaunyhaf's Must-Have Magic.
    44 | D        | Found Awko's Magic Scroll Shop.
    49 | D        | Killed a jelly
    49 | D        | Reached skill level 6 in Conjurations
    49 | D        | Reached XP level 2. HP: 17/17 MP: 1/6
    49 | D        | Reached XP level 3. HP: 21/21 MP: 1/8
    53 | D        | Learned a level 2 spell: Searing Ray
    57 | D        | Learned a level 3 spell: Dazzling Flash
    83 | D        | Reached skill level 1 in Hexes
   119 | D        | HP: 1/21 [ooze (5)]
   150 | D        | Arena points: 6 (+6) [x1]
   165 | D        | Round 2.
   189 | D        | Noticed a big kobold
   196 | D        | Slain by a big kobold

Illustrated notes

Levels and vault maps discovered:
D:        arena_sprint

Skill      XL: |  1  2  3 |
---------------+----------+-----
Spellcasting   | 3 |  3.6
Conjurations   | 6 |  6.4
Hexes          | 3 |  3.3
Dodging        | |  2.0
Stealth        | |  2.6

Action                   || total
-------------------------++-------
Melee: Unarmed           ||     8
       Tentacles         ||     1
 Cast: Magic Dart        ||     7
       Searing Ray       ||     2
       Dazzling Flash    ||     1
Evoke: Wand              ||     1
Armor: Skin              ||     1
Dodge: Dodged            ||    13

Table legend: (Time is in decaauts)
 A = Elapsed time spent in this place.
 B = Non-inter-level travel time spent in this place.
 C = Inter-level travel time spent in this place.
 D = Time resting spent in this place.
 E = Time spent auto-exploring this place.
 F = Levels seen in this place.
 G = Mean time per level.
                   A        B        C        D        E       F      G
               +--------+--------+--------+--------+--------+-----+--------+
         Total |    196 |    196 |      0 |     31 |     63 |   1 |  196.0 |
       Dungeon |    196 |    196 |      0 |     31 |     63 |   1 |  196.0 |
               +--------+--------+--------+--------+--------+-----+--------+

Top non-repeatable levels by time:
       D: 196 daAuts
